 Dungeon Crawl Stone Soup version 0.23.2-30-g0e89c35649 (webtiles) character file.

Game seed: 7259473576789176703

266 diana the Slasher (level 6, -3/52 HPs)
             Began as a Minotaur Gladiator on June 13, 2019.
             Slain by a white imp (5 damage)
             ... summoned by Eustachio
             ... on level 3 of the Dungeon.
             The game lasted 00:03:59 (2670 turns).

diana the Slasher (Minotaur Gladiator)              Turns: 2670, Time: 00:04:00

Health: -3/52      AC: 11    Str: 21    XL:     6   Next: 0%
Magic:  5/5        EV:  7    Int:  5    God:
Gold:   159        SH:  0    Dex: 11    Spells: 5/5 levels left

rFire    . . .     SeeInvis .   a - +0 long sword
rCold    . . .     Gourm    .   (no shield)
rNeg     . . .     Faith    .   t - +0 plate armour
rPois    .         Spirit   .   (helmet restricted)
rElec    .         Reflect  .   (no cloak)
rCorr    .         Harm     .   (no gloves)
MR       .....     Rnd*Tele +   (no boots)
Stlth    ..........             (no amulet)
HPRegen  0.17/turn              i - ring of teleportation (curse)
MPRegen  0.09/turn              (no ring)

@: no status effects
A: retaliatory headbutt, horns 2
a: no special abilities


You were on level 3 of the Dungeon.
You were not hungry.

You visited 1 branch of the dungeon, and saw 4 of its levels.

You collected 159 gold pieces.

Inventory:

Hand Weapons
 a - a +0 long sword (weapon)
Missiles
 d - 3 throwing nets (quivered)
Armour
 b - a +0 leather armour
 t - a +0 plate armour (worn)
Jewellery
 i - a cursed ring of teleportation (left hand)
Wands
 m - a wand of flame (16)
Scrolls
 c - 2 scrolls of amnesia {unknown}
 e - 2 scrolls of teleportation {unknown}
 g - 4 scrolls of identify {unknown}
 h - a scroll of random uselessness {unknown}
 j - a scroll of fog {unknown}
 p - a scroll of blinking {unknown}
 q - 2 scrolls of remove curse {unknown}
 r - a scroll of noise {unknown}
 s - a scroll of immolation {unknown}
Potions
 k - 3 potions of heal wounds {unknown}
 l - 2 potions of mutation {unknown}
 n - 3 potions of curing {unknown}
 o - a potion of brilliance {unknown}
 u - a potion of degeneration {unknown}
 v - a potion of agility {unknown}
Comestibles
 f - 6 rations


   Skills:
 + Level 4.0 Fighting
 * Level 5.8 Long Blades
 - Level 2.0 Throwing
 + Level 2.9 Armour
 + Level 4.3 Dodging


You had 5 spell levels left.
You didn't know any spells.
Your spell library was empty.

Dungeon Overview and Level Annotations

Branches:
Dungeon (4/15)
 Temple: D:4-7

Altars:
Dithmenos

Annotations:
D:3 Eustachio


Innate Abilities, Weirdness & Mutations

You reflexively headbutt those who attack you in melee.
You have a pair of horns on your head.


Message History

The shadow imp hits you but does no damage.
Eustachio hits you with a +2 rapier of protection.
You hit Eustachio.
Eustachio is almost dead.
The white imp hits you. The white imp freezes you.
The shadow imp gestures at you. Pain shoots through your body!
* * * LOW HITPOINT WARNING * * *
Eustachio hits you with a +2 rapier of protection.
* * * LOW HITPOINT WARNING * * *
You miss Eustachio. Your headbutt misses Eustachio.
Eustachio is almost dead.
The white imp hits you but does no damage.
The shadow imp hits you but does no damage.
Eustachio mumbles some strange words.
Unknown command.
The white imp hits you.
* * * LOW HITPOINT WARNING * * *
The white imp freezes you.
You die...

#.............#.#.....#.#
#.#...........#.#.###.#.#
#.##'##########.#.###.#.#
..##.# #.#.#.#.#.# ####.#
###.#.......# .....#
#.#.###.#.###
#############..5......#
..............#.5.#.#########
#####.#.###....5@@..........#
# #.#.##....#..5#.........#
#####.#.##....#...5.#.......#
#.......##..#.....#.#.#####.#
#.###.#.##....#.#.....# #.#
#.##..#.###.#...#.##.######.##
(.......##...................#
#.##.##.......#.#.###.#####.##
...#........#.#.........# #.#


You could see Eustachio, 2 iron imps, a white imp and 2 shadow imps.

Vanquished Creatures
  A scorpion (D:3)
  3 orc wizards
  Robin (D:3)
  An adder (D:3)
  2 oozes
  2 worms
  3 dart slugs
  4 leopard geckos
  7 orcs
  9 bats
  8 giant cockroaches
  13 goblins
  6 hobgoblins
  2 jackals (D:1)
  3 quokkas
  9 frilled lizards
  3 kobolds
  9 rats
86 creatures vanquished.

Notes
Turn   | Place    | Note
-------+----------+-------------------------------------------
     0 | D:1      | diana the Minotaur Gladiator began the quest for the Orb.
     0 | D:1      | Reached XP level 1. HP: 18/18 MP: 0/0
   209 | D:1      | Reached XP level 2. HP: 25/25 MP: 1/1
   214 | D:1      | Reached skill level 4 in Long Blades
   240 | D:1      | Reached skill level 1 in Armour
   351 | D:1      | Reached XP level 3. HP: 25/30 MP: 2/2
   843 | D:2      | Reached XP level 4. HP: 37/38 MP: 3/3
   857 | D:2      | HP: 1/38 [something (2)]
   858 | D:2      | Reached skill level 5 in Long Blades
  1535 | D:3      | Reached XP level 5. HP: 45/45 MP: 4/4
  1617 | D:3      | Noticed Robin
  1629 | D:3      | Killed Robin
  2431 | D:3      | Found a shadowy altar of Dithmenos.
  2513 | D:4      | Noticed a steam dragon
  2541 | D:4      | Noticed Eustachio
  2556 | D:3      | Reached XP level 6. HP: 46/52 MP: 5/5
  2670 | D:3      | HP: 2/52 [white imp[Eustachio] (1)]
  2670 | D:3      | Slain by a white imp

Skill      XL: |  1  2  3  4  5 |
---------------+----------------+-----
Long Blades    | 4 5 |  5.8
Armour         | 1 2 |  2.9
Fighting       | 3 4 |  4.0
Dodging        | 4 |  4.3
Throwing       | |  2.0

Action                   |  1- 3 |  4- 6 || total
-------------------------+-------+-------++-------
Melee: Long sword        |    74 |   109 ||   183
       Headbutt          |    12 |    13 ||    25
 Stab: Sleeping          |       |     1 ||     1
  Eat: Chunk             |       |     3 ||     3
       Ration            |       |     1 ||     1
Armor: Leather armour    |    15 |     2 ||    17
       Plate armour      |       |    86 ||    86
Dodge: Dodged            |    52 |    58 ||   110
       Rpst.: Long sword |     9 |    14 ||    23
